 Dungeon Crawl Stone Soup version 0.28.0-47-ge53b351184 (webtiles) character file.

Game seed: 8700079046991018237

131737 Bearnado the Warrior (level 16, -1/151 HPs)
             Began as a Minotaur Berserker on Apr 27, 2022.
             Was a High Priest of Trog.
             Killed from afar by an efreet (30 damage)
             ... with a bolt of fire
             ... on level 2 of the Abyss.
             The game lasted 02:37:43 (34017 turns).

Bearnado the Warrior (Minotaur Berserker)          Turns: 34017, Time: 02:37:44

Health: -1/151     AC: 26    Str: 32    XL:     16   Next: 56%
Magic:  15/15      EV: 11    Int:  4    God:    Trog [*****.]
Gold:   2627       SH: 22    Dex: 17    Spells: 15/15 levels left

rFire   . . .      SeeInvis .   L - +2 broad axe (drain)
rCold   + + .      Faith    .   f - +0 kite shield
rNeg    . . .      Spirit   .   h - +4 chain mail {rC+}
rPois   +          Reflect  +   Z - +2 hat
rElec   .          Harm     .   x - +1 cloak {Will+}
rCorr   +          Rampage  .   z - +1 pair of gloves {Dex+3}
Will    +++..                   (no boots)
Stlth   ..........              p - amulet "Yjuotol" {Reflect +Blink Will+ SH+5 Stlth+}
HPRegen 0.35/turn               R - ring of Zupnuish {rPois rCorr Str+6}
MPRegen 0.14/turn               m - ring of flight

@: flying, hasted, studying Slings, very quick
A: horns 2, retaliatory headbutt, beak, iridescent scales 1, large bone plates
1, cold resistance 1
a: Renounce Religion, Evoke Blink, Berserk, Trog's Hand, Brothers in Arms


You were on level 2 of the Abyss.
You worshipped Trog.
Trog was extremely pleased with you.
You visited 4 branches of the dungeon, and saw 25 of its levels.
You visited the Abyss 1 time.
You also visited: Ice Cave.

You collected 3069 gold pieces.
You spent 442 gold pieces at shops.

Inventory:

Hand Weapons
 d - a +7 executioner's axe
 n - a +1 vampiric demon blade
 r - a +2 trident of venom
 y - the +2 spear "Wedeowke" {drain, rF+ rCorr}
   (You took it off a spriggan on level 8 of the Dungeon)

   A truly terrible weapon, it drains the life of any living foe it strikes.
   rF:        It protects you from fire.
   rCorr:     It protects you from acid and corrosion.
 A - a +1 glaive of freezing
 B - a +0 longbow
 C - a +3 vorpal bardiche
 L - a +2 broad axe of draining (weapon)
 M - the +4 spear of Minotaur's Doom {vorpal, rF- rCorr Str+4}
   (Trog gifted it to you on level 2 of the Shoals)

   It inflicts extra damage upon your enemies.
   Str:       It affects your strength (+4).
   rF:        It makes you vulnerable to fire.
   rCorr:     It protects you from acid and corrosion.
 O - a +0 war axe of flaming
 P - a +4 trident of freezing
 Q - a +3 antimagic trident
 T - a +5 vorpal trident
 X - the +9 hunting sling of Imbalance {flame, rN++ Str-5 Int+3 Dex+2}
   (You took it off an orc on level 5 of the Dungeon)

   Any ammunition fired from it burns those it strikes, dealing additional fire
   damage.
   Str:       It affects your strength (-5).
   Int:       It affects your intelligence (+3).
   Dex:       It affects your dexterity (+2).
   rN:        It greatly protects you from negative energy.
 Y - a +2 demon trident of electrocution
Missiles
 a - 99 bolts
 i - 4 throwing nets (quivered)
 j - 201 stones
 q - 186 sling bullets
 v - 19 boomerangs
 E - 500 arrows
 H - 13 javelins
Armour
 f - a +0 kite shield (worn)
 h - a +4 chain mail of cold resistance (worn)
 s - a +4 plate armour of willpower
 x - a +1 cloak of willpower (worn)
 z - a +1 pair of gloves of dexterity (worn)
 Z - a +2 hat (worn)
Jewellery
 m - a ring of flight (right hand)
 p - the amulet "Yjuotol" (around neck) {Reflect +Blink Will+ SH+5 Stlth+}
   (You found it in an ice cave)

   [amulet of reflection]

   It reflects blocked missile attacks.
   +Blink:    It lets you blink.
   SH:        It affects your SH (+5).
   Will:      It increases your willpower.
   Stlth:     It makes you more stealthy.
 u - a ring of positive energy
 K - a ring of protection from fire
 R - the ring of Zupnuish (left hand) {rPois rCorr Str+6}
   (You took it off a skeletal warrior on level 12 of the Dungeon)

   [ring of resist corrosion]

   Str:       It affects your strength (+6).
   rPois:     It protects you from poison.
   rCorr:     It protects you from acid and corrosion.
 U - a +4 ring of slaying
Wands
 l - a wand of digging (4)
 t - a wand of flame (40)
 w - a wand of mindburst (11)
 J - a wand of paralysis (7)
Scrolls
 b - 4 scrolls of identify
 k - 8 scrolls of teleportation
 o - a scroll of enchant armour {unknown}
 D - a scroll of summoning
Potions
 c - 2 potions of cancellation
 e - 4 potions of resistance
 F - 2 potions of might
 G - 4 potions of curing
 I - 3 potions of heal wounds
 N - 2 potions of haste
Miscellaneous
 S - a box of beasts (inert)
 V - a phial of floods
 W - a phantom mirror


   Skills:
 + Level 16.2 Fighting
 + Level 16.0(17.0) Axes
 + Level 1.0(12.2) Maces & Flails
 + Level 9.8(15.3) Polearms
 + Level 10.4(12.0) Staves
 + Level 13.3 Slings
 + Level 8.2 Bows
 + Level 14.9 Armour
 + Level 6.2 Dodging
 + Level 2.4 Stealth
 + Level 12.4 Shields
 + Level 0.2 Unarmed Combat
 + Level 1.6 Evocations


You had 15 spell levels left.
You didn't know any spells.
Your spell library was empty.

Dungeon Overview and Level Annotations

Branches:
Dungeon (13/15)            Temple (0/1) D:4            Lair (6/6) D:9
 Shoals (4/4) Lair:3       Spider (0/4) Lair:4        Slime (0/5) Lair:5
    Orc (2/2) D:12            Elf (0/3) Orc:2         IceCv (visited)
 Vaults: D:13-14

Altars:
Dithmenos
Elyvilon
Makhleb
Nemelex Xobeh
Qazlal
Vehumet
Wu Jian
Xom
Beogh

Shops:
D:5 [   Orc:2 !*[!   Shoals:2 :


Innate Abilities, Weirdness & Mutations

You have a pair of horns on your head.
You reflexively headbutt those who attack you in melee.
You have a beak for a mouth.
You are partially covered in iridescent scales. (AC +2)
You are partially covered in large bone plates. (SH +4)
Your flesh is cold resistant. (rC+)


Message History

The hell knight gestures wildly while chanting.
The hell knight blinks!
The thrashing horror tramples you but does no damage.
You block the thrashing horror's attack.
The thrashing horror roars!
A spatial vortex comes into view.
There is an open door here.
You block the thrashing horror's attack. x2
The hell knight casts a spell.
The hell knight blinks!
The thrashing horror roars!
The thrashing horror tramples you but does no damage.
The thrashing horror closely misses you.
A spatial vortex comes into view.
The thrashing horror roars!
Found a corrupted altar of Lugonu.
An efreet comes into view.
It is wielding a +1 scimitar of flaming.
You block the thrashing horror's attack. x2
A spatial vortex comes into view.
The thrashing horror roars!
You block the thrashing horror's attack.
The thrashing horror tramples you but does no damage.
The thrashing horror roars!
The hell knight casts a spell.
The hell knight blinks!
You block the thrashing horror's attack.
The thrashing horror barely misses you.
A spatial vortex comes into view.
The thrashing horror roars!
You block the thrashing horror's attack.
The thrashing horror tramples you but does no damage.
You block the thrashing horror's attack. x2
You block the thrashing horror's attack. x2
A spatial vortex comes into view.
There is a corrupted altar of Lugonu here.
Found a gateway leading deeper into the Abyss.
The efreet gestures at you.
The bolt of fire hits the spatial vortex.
The spatial vortex resists.
The bolt of fire hits you!!
You die...

....# #....°.....# §.
.######....○.....# #
p...##........R....##.
.... #...............
....##v.....#......#
..#p§......Z5v.....# #
##. #.......p...# . ..
#.#####..Xv###
##.###.. ####@# #.# .
## #...# # .## .##.#
>. .# ... # #... .#..
.....


You could see a hell knight (fast), 2 spatial vortices, a thrashing horror, an
efreet, a harpy simulacrum and an ufetubus.

Vanquished Creatures
  A kraken (Shoals:1)
  Ilsuiw (Shoals:1)
  A cacodemon (D:9)
  9 merfolk impalers
  8 hydras
  An ice dragon (IceCv)
  The ghost of RascalDebosk the Fighter, a journeyman DsBe of Trog (D:9)
  3 merfolk avatars
  4 catoblepae
  A centaur warrior (D:13)
  5 two-headed ogres
  2 boulder beetles
  An alligator snapping turtle (Shoals:2)
  6 death yaks (Lair:6)
  2 satyrs
  Urug (Lair:1)
  3 orc high priests (Orc:2)
  The ghost of quokkamancerX the Basher, a novice NaBe of Trog (D:8)
  5 skeletal warriors
  11 sea snakes
  11 harpies
  Pikel (D:7)
  7 orc knights
  A lindwurm (Lair:6)
  10 manticores
  12 fauns
  6 ugly things
  6 orc sorcerers
  A wolf spider (D:12)
  6 cyclopes
  Maurice (D:8)
  The ghost of Zeld the Skirmisher, a novice MiFi of Trog (D:5)
  A torpor snail (Lair:6)
  3 black mambas (Lair:3)
  2 ice statues (IceCv)
  9 water nymphs
  12 cane toads
  3 unseen horrors (D:12)
  Maggie (D:7)
  9 merfolk sirens
  A gargoyle (D:12)
  5 rime drakes
  A kobold demonologist (D:12)
  A yaktaur (D:13)
  9 komodo dragons
  3 tengu conjurers
  8 trolls
  A queen bee (Lair:3)
  27 merfolk
  4 polar bears
  3 wind drakes
  17 dream sheep
  18 blink frogs
  8 slime creatures
  2 spriggans (D:8)
  5 snapping turtles
  4 wyverns
  3 shadows
  5 water elementals
  A vampire (D:12)
  3 basilisks
  2 neqoxecs (D:9)
  3 steam dragons
  58 yaks
  6 vampire mosquitoes
  2 wargs (D:9)
  An acid dragon (D:11)
  17 water moccasins
  19 orc warriors
  2 black bears
  Duvessa (D:7)
  2 sky beasts (D:7)
  An ice beast (D:7)
  5 ogres
  24 wolves
  11 centaurs
  A lemure (D:7)
  2 phantoms (D:6)
  3 kobold brigands
  A gnoll sergeant (D:9)
  2 scorpions (shapeshifter) (D:9)
  11 bullfrogs
  5 scorpions
  Dowan (D:7)
  A water moccasin skeleton (D:6)
  4 lindwurm simulacra (IceCv)
  19 killer bees (Lair:3)
  An electric eel (Lair:6)
  2 howler monkeys (D:8)
  4 centaur zombies
  A crimson imp (D:5)
  2 komodo dragon simulacra (IceCv)
  A jelly (D:4)
  Crazy Yiuf (D:2)
  17 orc priests
  A bullfrog skeleton (D:5)
  3 hounds
  3 iguanas
  7 hell rats (Lair:4)
  25 orc wizards
  Terence (D:2)
  A hound skeleton (D:5)
  A howler monkey skeleton (D:4)
  4 acid dragon simulacra (IceCv)
  5 adders
  A gnoll (shapeshifter) (D:9)
  11 gnolls
  A white imp (D:8)
  2 ufetubi (D:5)
  11 steam dragon simulacra (IceCv)
  An adder skeleton (D:4)
  3 worms (Lair:4)
  2 dart slugs
  70 orcs
  4 ball pythons
  6 endoplasms
  5 giant cockroaches
  4 goblins
  17 hobgoblins
  A jackal (D:1)
  4 quokkas
  5 bats
  5 frilled lizards
  22 kobolds
  10 rats
  A butterfly (Lair:4)
  3 tentacles (Shoals:1)
772 creatures vanquished.

Vanquished Creatures (collateral kills)
  Mara (Shoals:3)
  A rakshasa (D:12)
  A catoblepas (D:12)
  A two-headed ogre (D:12)
  A cyclops (D:12)
  A merfolk siren (Shoals:2)
  A jumping spider (shapeshifter) (D:12)
  An acid dragon (D:12)
  An orc warrior (Orc:1)
  2 orc wizards (Orc:1)
11 creatures vanquished.

Vanquished Creatures (others)
  A manticore (Shoals:2)
  A blink frog (Lair:3)
  A shadow imp (Abyss:2)
  18 fungi
  69 plants
  9 starspawn tentacles (Abyss:2)
  10 tentacles (Shoals:1)
109 creatures vanquished.

Grand Total: 892 creatures vanquished

Notes
Turn   | Place    | Note
-------+----------+-------------------------------------------
     0 | D:1      | Bearnado the Minotaur Berserker began the quest for the
                  | Orb.
     0 | D:1      | Reached XP level 1. HP: 19/19 MP: 0/0
    90 | D:1      | Found a faded altar of an unknown god.
   215 | D:1      | Reached XP level 2. HP: 27/27 MP: 1/1
   810 | D:2      | Reached XP level 3. HP: 28/33 MP: 2/2
  1009 | D:2      | Reached ** piety under Trog
  1239 | D:2      | Identified the +2 robe of Pan-Flutes {Int+2 Slay+3}
  1350 | D:2      | Noticed Terence
  1358 | D:2      | Killed Terence
  1501 | D:2      | Reached XP level 4. HP: 40/40 MP: 3/3
  1553 | D:2      | Found a runed translucent door.
  1554 | D:2      | Noticed Crazy Yiuf
  1562 | D:2      | Killed Crazy Yiuf
  1563 | D:2      | Reached skill level 5 in Axes
  1850 | D:3      | Noticed a scorpion
  1856 | D:3      | Killed a scorpion
  1857 | D:3      | Reached XP level 5. HP: 47/47 MP: 4/4
  1953 | D:3      | Found a stormy altar of Qazlal.
  2262 | D:3      | Reached skill level 1 in Maces & Flails
  2677 | D:3      | Reached skill level 1 in Staves
  2967 | D:4      | Noticed a yak
  2968 | D:4      | Noticed a yak
  2969 | D:4      | Noticed a yak
  2969 | D:4      | Noticed a yak
  2969 | D:4      | Noticed a yak
  2972 | D:4      | Killed a yak
  2973 | D:4      | Reached XP level 6. HP: 45/55 MP: 5/5
  2984 | D:4      | Killed a yak
  2985 | D:4      | Reached skill level 5 in Fighting
  2985 | D:4      | Reached XP level 7. HP: 51/61 MP: 6/6
  2985 | D:4      | Killed a yak
  2988 | D:4      | Killed a yak
  2989 | D:4      | Reached skill level 5 in Staves
  2989 | D:4      | Reached skill level 5 in Armour
  2989 | D:4      | Killed a yak
  3096 | D:4      | Found a staircase to the Ecumenical Temple.
  3447 | D:4      | Reached *** piety under Trog
  3656 | D:4      | Reached XP level 8. HP: 68/69 MP: 7/7
  3774 | D:5      | Entered Level 5 of the Dungeon
  3778 | D:5      | Found Tyebowiw's Armour Shoppe.
  4195 | D:5      | Found a runed translucent gate.
  4195 | D:5      | Noticed Zeld's ghost (novice MiFi)
  4196 | D:5      | Found a runed translucent gate.
  4200 | D:5      | Found a runed translucent gate.
  4204 | D:5      | Identified the +9 hunting sling of Imbalance {flame, rN++
                  | Str-5 Int+3 Dex+2}
  4204 | D:5      | Identified the +4 ring mail of Wu Jian's Favour {rElec
                  | Str-2 Int+3}
  4524 | D:5      | Found a shimmering altar of Xom.
  4524 | D:5      | Found a burning altar of Makhleb.
  4851 | D:6      | Found a shadowy altar of Dithmenos.
  4909 | D:6      | Found a white marble altar of Elyvilon.
  4938 | D:6      | Reached skill level 1 in Stealth
  5042 | D:6      | Reached skill level 1 in Bows
  5064 | D:6      | Found an ornate altar of the Wu Jian Council.
  5372 | D:6      | Reached XP level 9. HP: 50/78 MP: 8/8
  5965 | D:7      | Noticed Pikel
  5976 | D:7      | Killed Pikel
  5977 | D:7      | Reached skill level 5 in Bows
  6175 | D:7      | Noticed Maggie
  6185 | D:7      | Killed Maggie
  6488 | D:7      | Noticed Duvessa
  6488 | D:7      | Noticed Dowan
  6494 | D:7      | Killed Duvessa
  6500 | D:7      | Killed Dowan
  6958 | D:8      | Found a runed translucent door.
  6994 | D:8      | Noticed Maurice
  7001 | D:8      | Reached XP level 10. HP: 87/88 MP: 9/9
  7046 | D:8      | Killed Maurice
  7059 | D:8      | Identified the +2 spear "Wedeowke" {drain, rF+ rCorr}
  7061 | D:8      | Noticed quokkamancerX's ghost (novice NaBe)
  7256 | D:8      | Reached skill level 10 in Staves
  7259 | D:8      | HP: 4/135 [yak (11)]
  7749 | D:8      | Found a radiant altar of Vehumet.
  7941 | D:5      | Killed Zeld's ghost
  7941 | D:5      | Reached **** piety under Trog
  8175 | D:8      | Killed quokkamancerX's ghost
  8954 | D:9      | Found a runed translucent gate.
  8954 | D:9      | Found a runed translucent gate.
  8954 | D:9      | Found a runed translucent gate.
  8955 | D:9      | Noticed a brown ugly thing
  8957 | D:9      | Noticed a red ugly thing
  8958 | D:9      | Noticed a red ugly thing
  8958 | D:9      | Noticed a purple ugly thing
  8966 | D:9      | Reached skill level 1 in Slings
  8974 | D:9      | Found a staircase to the Lair.
  9654 | Lair:1   | Entered Level 1 of the Lair of Beasts
  9694 | Lair:1   | Reached XP level 11. HP: 99/99 MP: 10/10
  9709 | Lair:1   | Reached skill level 1 in Evocations
  9719 | Lair:1   | Reached skill level 1 in Polearms
  9744 | Lair:1   | Reached skill level 10 in Fighting
 10007 | Lair:1   | Reached skill level 1 in Shields
 11551 | Lair:1   | Noticed Urug
 11568 | Lair:1   | Killed Urug
 11569 | Lair:1   | Reached skill level 5 in Polearms
 11756 | D:9      | Gained mutation: You tend to lose your temper in combat.
                  | [potion of mutation]
 11756 | D:9      | Lost mutation: You tend to lose your temper in combat.
                  | [potion of mutation]
 11756 | D:9      | Gained mutation: Your magical capacity is low. (-10% MP)
                  | [potion of mutation]
 11756 | D:9      | Gained mutation: You have a beak for a mouth. [potion of
                  | mutation]
 11780 | D:9      | Killed a cyan ugly thing
 11781 | D:9      | Killed a green ugly thing
 11781 | D:9      | Killed a cyan ugly thing
 11783 | D:9      | Killed a brown ugly thing
 11784 | D:9      | Reached skill level 10 in Armour
 11787 | D:9      | Found a runed translucent gate.
 11787 | D:9      | Found a runed translucent gate.
 11788 | D:9      | Noticed RascalDebosk's ghost (journeyman DsBe)
 11835 | D:9      | Noticed a cacodemon
 11836 | D:9      | Found a runed translucent gate.
 11836 | D:9      | Noticed a lindwurm
 11881 | D:10     | Entered Level 10 of the Dungeon
 11892 | D:10     | Found a sparkling altar of Nemelex Xobeh.
 11969 | D:10     | Noticed a two-headed ogre
 12023 | D:10     | Killed a two-headed ogre
 12343 | D:10     | Reached XP level 12. HP: 106/108 MP: 9/9
 12944 | D:11     | Reached skill level 5 in Slings
 14539 | D:12     | Found a staircase to the Orcish Mines.
 14573 | D:12     | Noticed an eight-headed hydra
 15029 | D:12     | Killed an eight-headed hydra
 15211 | D:12     | Noticed a boulder beetle
 15235 | D:12     | Killed a boulder beetle
 15406 | D:12     | Noticed a two-headed ogre
 15426 | D:12     | Killed a two-headed ogre
 15464 | D:12     | Noticed a catoblepas
 15731 | D:12     | Noticed a rakshasa
 15743 | D:12     | Killed a rakshasa
 15763 | D:12     | Killed a catoblepas
 15764 | D:12     | Reached skill level 5 in Dodging
 15845 | D:12     | Noticed a two-headed ogre
 15852 | D:12     | Killed a two-headed ogre
 15853 | D:12     | Reached skill level 5 in Shields
 15880 | D:12     | Reached XP level 13. HP: 72/117 MP: 8/10
 16677 | D:12     | Identified the ring of Zupnuish {rPois rCorr Str+6}
 18325 | Orc:1    | Entered Level 1 of the Orcish Mines
 18755 | Orc:2    | Entered Level 2 of the Orcish Mines
 18771 | Orc:2    | Found a staircase to the Elven Halls.
 18773 | Orc:2    | Reached ***** piety under Trog
 18852 | Orc:1    | Found a frozen archway.
 18860 | IceCv    | Entered an ice cave
 19494 | IceCv    | Reached skill level 10 in Axes
 19795 | IceCv    | Identified the amulet "Yjuotol" {Reflect +Blink Will+ SH+5
                  | Stlth+}
 20910 | Orc:2    | Reached XP level 14. HP: 118/129 MP: 11/11
 21393 | Orc:2    | Found Etoob's Distillery.
 21393 | Orc:2    | Found Kigrukew's Distillery.
 21396 | Orc:2    | Found Jehat's Armour Shoppe.
 21435 | Orc:2    | Found Rycikhlas's General Store.
 21451 | Orc:2    | Bought a potion of curing for 39 gold pieces
 21451 | Orc:2    | Bought 2 potions of resistance for 260 gold pieces
 21451 | Orc:2    | Bought a potion of curing for 39 gold pieces
 21451 | Orc:2    | Bought a potion of curing for 39 gold pieces
 21451 | Orc:2    | Bought a potion of heal wounds for 65 gold pieces
 23237 | Lair:3   | Received a gift from Trog
 23957 | Lair:3   | Found a staircase to the Shoals.
 24631 | Lair:4   | Found a hole to the Spider Nest.
 24882 | Lair:5   | Identified the +6 chain mail of the Pits of Slime {rN+ MP+9
                  | Int+2}
 25266 | Lair:5   | You fall into a shaft and drop 1 floor!
 25266 | Lair:6   | Entered Level 6 of the Lair of Beasts
 25566 | Lair:6   | Received a gift from Trog
 25738 | Lair:6   | Reached XP level 15. HP: 138/138 MP: 12/12
 26383 | Lair:6   | Reached skill level 10 in Slings
 27181 | Lair:5   | Found a staircase to the Slime Pits.
 27958 | D:9      | Gained mutation: You tend to lose your temper in combat. [a
                  | cacodemon]
 27965 | D:9      | Killed RascalDebosk's ghost
 27966 | D:9      | Reached skill level 10 in Shields
 27968 | D:9      | Received a gift from Trog
 27984 | D:9      | Gained mutation: Your body sometimes deteriorates upon
                  | taking damage. [mutagenic glow]
 27992 | D:9      | Gained mutation: Your body often deteriorates upon taking
                  | damage. [mutagenic glow]
 28013 | D:9      | Gained mutation: You are weak. (Str -2) [mutagenic glow]
 28035 | D:9      | Lost mutation: You are weak. (Str -2) [potion of mutation]
 28035 | D:9      | Lost mutation: Your magical capacity is low. (-10% MP)
                  | [potion of mutation]
 28035 | D:9      | Lost mutation: Your body often deteriorates upon taking
                  | damage. [potion of mutation]
 28035 | D:9      | Gained mutation: Your mind is acute. (Int +2) [potion of
                  | mutation]
 28035 | D:9      | Gained mutation: You are frail. (-10% HP) [potion of
                  | mutation]
 28035 | D:9      | Gained mutation: You have a pair of large horns on your
                  | head. [potion of mutation]
 28036 | D:9      | Lost mutation: You tend to lose your temper in combat.
                  | [potion of mutation]
 28036 | D:9      | Lost mutation: You have a pair of large horns on your head.
                  | [potion of mutation]
 28036 | D:9      | Lost mutation: You are frail. (-10% HP) [potion of
                  | mutation]
 28036 | D:9      | Gained mutation: You are partially covered in iridescent
                  | scales. (AC +2) [potion of mutation]
 28036 | D:9      | Gained mutation: You have a pair of large horns on your
                  | head. [potion of mutation]
 28037 | D:9      | Lost mutation: Your body sometimes deteriorates upon taking
                  | damage. [potion of mutation]
 28037 | D:9      | Lost mutation: Your mind is acute. (Int +2) [potion of
                  | mutation]
 28037 | D:9      | Lost mutation: You have a pair of large horns on your head.
                  | [potion of mutation]
 28037 | D:9      | Gained mutation: You are partially covered in large bone
                  | plates. (SH +4) [potion of mutation]
 28037 | D:9      | Gained mutation: Your flesh is cold resistant. (rC+)
                  | [potion of mutation]
 28178 | Shoals:1 | Entered Level 1 of the Shoals
 28431 | Shoals:1 | Reached skill level 15 in Axes
 29076 | Shoals:1 | Noticed a kraken
 29106 | Shoals:1 | Killed a kraken
 29581 | Shoals:2 | Reached skill level 15 in Fighting
 29736 | Shoals:2 | Found Hoate's Book Shop.
 29860 | Shoals:2 | Noticed Ilsuiw
 29882 | Shoals:2 | Identified the +4 spear of Minotaur's Doom {vorpal, rF-
                  | rCorr Str+4} (Trog gifted it to you on level 2 of the
                  | Shoals)
 29882 | Shoals:2 | Received a gift from Trog
 29943 | Shoals:1 | Killed Ilsuiw
 30336 | Shoals:2 | You are sucked into a shaft and drop 1 floor!
 30510 | Shoals:3 | Reached XP level 16. HP: 149/149 MP: 15/15
 31957 | Shoals:3 | Noticed Mara
 31974 | Shoals:3 | Noticed Bearnado's illusion
 32005 | Shoals:3 | Noticed Bearnado's illusion
 32047 | Shoals:3 | Noticed Bearnado's illusion
 32830 | Shoals:3 | Noticed Bearnado's illusion
 32833 | Shoals:3 | Killed Mara
 33305 | Shoals:4 | Entered Level 4 of the Shoals
 33912 | Shoals:4 | Cast into level 2 of the Abyss (merfolk impaler)
 33967 | Abyss:2  | Noticed a tentacled starspawn
 33989 | Abyss:2  | Noticed a tentacled starspawn
 33998 | Abyss:2  | Paralysed by accursed screaming for 1 turns
 34009 | Abyss:2  | Found a corrupted altar of Lugonu.
 34017 | Abyss:2  | Killed from afar by an efreet

Illustrated notes

Levels and vault maps discovered:
D:1:      dpeg_arrival_arbitrary_b, layout_loops_ring,
          hellmonk_ecumenical_altar_pennies_from_heaven, minmay_box_of_dots
D:2:      layout_loops_corners, uniq_terence, uniq_crazy_yiuf_cottage
D:3:      layout_basic, nicolae_qazlal_scattered_showers,
          kennysheep_generic_room_15
D:4:      layout_gridville, minmay_temple_entry_nine_rooms,
          kennysheep_pointless_box
D:5:      layout_basic, grunt_temple_overflow_champion_of_chaos,
          biasface_ghost_orc_armoury, serial_shops, shop, minmay_liquid_box
D:6:      layout_basic, lemuel_round_altar, old_standard_altar,
          nzn_wu_jian_contemplation
D:7:      layout_loops_cross, uniq_maggie, uniq_pikel, uniq_duvessa
D:8:      layout_cave_pools, nicolae_vehumet_altar_sigil,
          ebering_ghost_funeral_grove, uniq_maurice
D:9:      cheibrodos_steamvent, layout_irregular_city,
          erik_lair_orcish_takeover,
          ploomutoo_gammafunk_ghost_potion_laboratory,
          hangedman_abyss_or_decor_jellyfish_corner, hex_large
D:10:     layout_irregular_city, lemuel_doored_altar
D:11:     layout_stronghold, serial_column_ruins, column_ruins_pillar_2,
          column_ruins_pillar_3, column_ruins_pillar_3, column_ruins_pillar_2,
          column_ruins_pillar_7, column_ruins_pillar_2, column_ruins_pillar_2,
          column_ruins_pillar_1, column_ruins_pillar_2, column_ruins_pillar_1,
          column_ruins_pillar_6, column_ruins_pillar_8, column_ruins_pillar_4,
          column_ruins_pillar_6, column_ruins_pillar_1, column_ruins_pillar_1,
          column_ruins_pillar_9, columned_hall_lemuel, hive_lemuel
D:12:     minmay_the_grid_3x2 [minmay_the_grid_broken_lines,
          minmay_the_grid_odd_star, minmay_the_grid_minigrid_medium,
          minmay_the_grid_small_cups, minmay_the_grid_spin_star,
          minmay_the_grid_prize_four_corners_diamond_a], layout_basic,
          orc_0_dummy
D:13:     minmay_goldmine, layout_stronghold, david_vaults_2, serial_shops,
          shop_fountains, minmay_holes, serial_park_tiny_1
Lair:1:   layout_cave_pods, grunt_megastairs_4, uniq_urug
Lair:2:   layout_loops_ring, beast_lair_carwin_2, lemuel_fruit_tree
Lair:3:   layout_long_grid, minmay_shoals_entry_centaurs, special_room
          [special_room_bee], st_stairs_8, chequers_serial_rivers_marsh,
          infiniplex_staircase_pool_2, grunt_megastairs_5
Lair:4:   layout_roguey, nicolae_spider_entry_non_spiders, lemuel_fruit_fields
Lair:5:   layout_regular_city, minmay_slime_entry_pillars, minmay_lindwurm_lava
Lair:6:   evilmike_catoblepas_cave, layout_regular_city, serial_bayou_shore_a
Shoals:1: layout_shoals, nicolae_shoals_nautilus_by_nature
Shoals:2: layout_shoals, serial_shops, shop,
          nicolae_shoals_stone_sculpture_thing, nzn_prometheus_bound,
          uniq_ilsuiw
Shoals:3: layout_shoals, uniq_mara
Shoals:4: shoals_end_hangedman, layout_shoals, nicolae_shoals_dead_sea_scrolls,
          uniq_mlioglotl, uniq_polyphemus
Orc:1:    cheibrodos_orc_bank, layout_caves, portal_ice_cave_entry_pillars_1
Orc:2:    st_orc_elflike, layout_diamond_mine
Abyss:2:  base: Lair:4, minivault_19, minivault_4,
          hangedman_abyss_overflow_altar, minivault_19, hangedman_decor_lopped

Skill      XL: |  1  2  3  4  5  6  7  8  9 10 11 12 13 14 15 16 |
---------------+-------------------------------------------------+-----
Axes           | 4 5 7 8 9 10 13 15 16 | 16.0
Fighting       | 4 5 6 8 9 10 11 13 14 15 16 | 16.2
Armour         | 3 4 5 6 7 8 10 12 13 14 | 14.9
Dodging        | 3 4 5 6 |  6.2
Maces & Flails | 1 |  1.0
Staves         | 3 4 6 8 9 10 | 10.4
Stealth        | 1 2 |  2.4
Bows           | 3 7 8 |  8.2
Slings         | 3 4 7 8 9 11 13 | 13.3
Evocations     | 1 |  1.6
Polearms       | 5 7 9 |  9.8
Shields        | 3 5 7 9 11 12 | 12.4
Unarmed Combat | |  0.2

Action                   |  1- 3 |  4- 6 |  7- 9 | 10-12 | 13-15 | 16-18 || total
-------------------------+-------+-------+-------+-------+-------+-------++-------
Melee: Hand axe          |    66 |       |       |       |       |       ||    66
       Headbutt          |     6 |     6 |    15 |   121 |   193 |    18 ||   359
       Quarterstaff      |       |    59 |   142 |    41 |       |       ||   242
       Whip              |       |     3 |       |       |       |       ||     3
       Broad axe         |       |       |       |    72 |   586 |    66 ||   724
       Spear             |       |       |       |   383 |   217 |       ||   600
       Unarmed           |       |       |       |     5 |       |       ||     5
       Punch             |       |       |       |     1 |       |       ||     1
       Peck              |       |       |       |    50 |   202 |    27 ||   279
       War axe           |       |       |       |       |    27 |       ||    27
 Fire: Shortbow          |       |       |   101 |     3 |       |       ||   104
       Hunting sling     |       |       |       |   145 |   388 |   426 ||   959
Invok: Berserk           |     2 |     3 |     3 |     9 |    12 |       ||    29
       Trog's Hand       |       |     1 |       |     9 |     4 |     4 ||    18
       Brothers in Arms  |       |       |       |     1 |     3 |     1 ||     5
Evoke: Wand              |       |       |       |     4 |       |    11 ||    15
       Box of beasts     |       |       |       |       |     2 |     1 ||     3
  Use: Scroll            |       |       |     5 |     4 |    11 |     5 ||    25
       Potion            |       |       |       |     5 |     5 |     2 ||    12
 Stab: Petrified         |       |       |       |       |     2 |       ||     2
Armor: Animal skin       |     9 |       |       |       |       |       ||     9
       Scale mail        |     5 |    37 |     7 |       |       |       ||    49
       Plate armour      |       |       |    97 |   292 |     9 |       ||   398
       Skin              |       |       |       |    28 |       |       ||    28
       Chain mail        |       |       |       |       |   435 |    61 ||   496
Dodge: Dodged            |    48 |    47 |    72 |   154 |   274 |    52 ||   647
Block: Kite shield       |       |       |       |   122 |   703 |   244 ||  1069
       Reflection        |       |       |       |       |    30 |    13 ||    43
